cohdb
Replays
Latest Replays
All Replays
Popular Replays
Top Player Replays
Match Explorer
How It Works
Community
CoH3 Stats
Reddit
Sign in to upload your games and track your stats! →
Sign in with Steam
Match 42807492
Unlisted
Match 42807492
Overview
Messages
Build Orders
End
Kradschützen Motorcycle Team
Panzergrenadier Squad
Panzergrenadier Squad
Panzergrenadier Squad
Construct Light Support Kompanie
2.5-tonne Medical Truck
Construct Mechanized Kompanie
Veteran Squad Leaders
Panzerpioneer Squad
Construct Panzerarmee Kommand
Selects Panzerjäger Kommand Battlegroup
Selects Mine Fields
Selects Defensive Positions
Selects Butterfly Bomb Drop
Panzer III L Medium Tank
Rapid Advance
Panzer III L Medium Tank
Panzer III L Medium Tank
Emergency Repair Kits
Tungsten Core Ammunition
Vehicle Survival Package
Superbiz2
PanzerJonny™
The Broken Ace
IX_Kill
dan legend
ira88
Nuba
E<F
0
0
Comments
sign in to comment!
No comments posted yet!